Flames vs Canadiens
Created - 29 mars 2014 at 19:13
Goals
|
| Flames |
3 |
0 |
0 |
3 |
| Canadiens |
0 |
1 |
0 |
1 |
|
Shots
|
| Flames |
7 |
1 |
3 |
11 |
| Canadiens |
8 |
15 |
4 |
27 |
|
1st period
1. Flames , Mikhail Grabovski 2 (Pavel Vorobiev) at 5:14
2. Flames , Tomas Kaberle 7 (Mark Bell, Pekka Rinne) at 6:26 (PP)
3. Flames , Josef Vasicek 26 (Darcy Hordichuk) at 10:50
Penalties :
Mike York (Mon) for Holding (Minor) at 5:43, Tomas Plekanec (Mon) for Tripping (Minor) at 14:02
2nd period
4. Canadiens , Tomas Plekanec 19 (Marek Svatos, Jeff Woywitka) at 10:42
Penalties :
Darcy Hordichuk (Cal) for High sticking (Double Minor) at 1:46
3rd period
No Goal
Penalties :
No Penalty
Goalie Stats
Pekka Rinne (Cal), 26 saves from 27 shots - (0,963), W, 25-15-5, 60:00 minutes
Mikael Tellqvist (Mon), 8 saves from 11 shots - (0,727), L, 12-7-1, 60:00 minutes
Players Stats for Flames
Player Name G A P +/- PIM S H SB GA TA FO MP PP MP PK MP
------------------------------------------------------------------------------------
Alexander Semin 0 0 0 -1 0 0 0 0 1 0 1/2 22:42 1:37 2:12
Branko Radivojevic 0 0 0 0 0 0 1 0 0 0 0/0 12:00 0:00 0:00
Darcy Hordichuk 0 1 1 1 4 1 2 0 1 0 1/1 15:05 0:00 0:00
Derek Meech 0 0 0 1 0 0 0 0 0 1 0/0 19:00 0:56 1:48
Erik Johnson 0 0 0 -1 0 0 0 1 1 1 0/0 24:53 1:46 2:11
François Beauchemin 0 0 0 1 0 0 0 3 0 1 0/0 8:25 0:00 0:00
Jordin Tootoo 0 0 0 1 0 0 1 0 0 0 1/4 18:15 1:05 1:49
Josef Vasicek 1 0 1 1 0 2 0 0 1 0 9/10 7:50 1:37 0:00
Marcel Goc 0 0 0 0 0 0 0 0 0 0 3/7 17:03 1:05 1:50
Mark Bell 0 1 1 -1 0 1 7 0 1 0 7/17 22:44 1:05 1:30
Michal Handzus 0 0 0 0 0 0 0 0 0 0 1/1 0:22 0:00 0:00
Mike Leclerc 0 0 0 1 0 1 1 0 0 0 0/0 14:56 0:00 0:17
Mikhail Grabovski 1 0 1 1 0 3 1 0 0 0 1/5 15:24 0:00 0:20
Milan Hejduk 0 0 0 -1 0 1 2 1 0 0 2/3 21:14 1:37 0:00
Niklas Kronwall 0 0 0 1 0 0 1 1 0 2 0/0 14:27 0:56 0:00
Pavel Vorobiev 0 1 1 1 0 0 3 0 0 1 0/0 14:47 0:00 0:00
Steve Eminger 0 0 0 1 0 0 0 1 0 1 0/0 23:04 0:00 2:11
Tomas Kaberle 1 0 1 -1 0 2 1 3 0 1 0/0 23:49 1:46 1:48
Players Stats for Canadiens
Player Name G A P +/- PIM S H SB GA TA FO MP PP MP PK MP
------------------------------------------------------------------------------------
Chris Dingman 0 0 0 0 0 0 3 0 0 1 1/1 11:56 0:00 0:08
Dennis Wideman 0 0 0 -2 0 1 1 0 1 1 0/1 21:37 1:55 1:27
Devin Setoguchi 0 0 0 0 0 1 0 0 0 0 0/0 13:18 0:00 0:33
Jamie Lundmark 0 0 0 0 0 1 1 0 0 0 2/6 11:58 0:00 1:45
Jeff Woywitka 0 1 1 1 0 0 1 2 0 1 0/0 25:15 2:04 1:15
Marek Svatos 0 1 1 -1 0 2 1 0 1 0 1/1 19:53 2:08 0:00
Matt Carle 0 0 0 0 0 1 0 0 0 0 0/0 12:34 0:00 0:00
Michel Ouellet 0 0 0 0 0 2 3 0 2 0 1/1 11:05 0:00 1:43
Mike Ribeiro 0 0 0 0 0 1 0 0 2 0 0/0 14:37 1:55 0:18
Mike York 0 0 0 0 2 2 1 1 0 0 1/1 15:51 1:51 0:00
Nicklas Lidstrom 0 0 0 1 0 1 2 1 0 1 0/0 25:16 2:04 1:15
Ossi Vaananen 0 0 0 -2 0 1 2 1 0 1 0/0 19:34 0:00 1:27
Patrick Marleau 0 0 0 -1 0 7 3 0 1 0 1/2 20:49 2:08 0:48
Radim Vrbata 0 0 0 0 0 0 0 0 0 0 1/1 15:55 1:51 0:00
Ruslan Fedotenko 0 0 0 0 0 0 0 1 0 0 0/0 9:14 0:00 0:00
Tomas Kloucek 0 0 0 0 0 0 2 0 0 0 0/0 12:27 0:00 0:00
Tomas Plekanec 1 0 1 -1 2 6 1 0 1 0 12/27 20:02 2:08 0:09
Viktor Kozlov 0 0 0 0 0 1 0 1 0 0 4/9 15:55 1:51 0:00
3 Stars
1 - Pekka Rinne (Cal)
2 - Mikhail Grabovski (Cal)
3 - Josef Vasicek (Cal)
Power Play
Flames - 1 on 2 Attempt(s) - 50,00%
Canadiens - 0 on 2 Attempt(s) - 0,00%
Penalty Kill
Flames - 2 on 2 Attempt(s) - 100,00%
- Score 0 goal in Penalty Kill
Canadiens - 1 on 2 Attempt(s) - 50,00%
- Score 0 goal in Penalty Kill
Official
Referees : Walsh Ian and McCreary Bill
Linesman : Brian Murphy and Jonny Murray
Game Notes
Michal Handzus is injured at 0:21 of 1st period (Back Spasms)
Josef Vasicek is injured at 0:50 of 2nd period (Left Foot)
François Beauchemin is injured at 1:18 of 2nd period (Sprained Right Finger)
Finance
Level 1 -- Attendance: 5862 (97,70%) -- Ticket Income 498 270 $
Level 2 -- Attendance: 4943 (98,86%) -- Ticket Income 247 150 $
Level 3 -- Attendance: 1855 (92,75%) -- Ticket Income 53 795 $
Level 4 -- Attendance: 3064 (76,60%) -- Ticket Income 61 280 $
Luxury Box -- Attendance: 985 (98,50%) -- Ticket Income 158 585 $
Game was played at the Centre Bell
Total Attendance: 16709 (92,83%)
Total Ticket Income: 1 019 080 $
Other Income: 152 862 $
Total Income: 1 171 942 $
Flames
5 vs 5 Forward
Center Left Wing Right Wing Time % Phy DF OF
1 Michal Handzus Alexander Semin Milan Hejduk 40 1 2 2
2 Josef Vasicek Darcy Hordichuk Jordin Tootoo 30 1 2 2
3 Marcel Goc Mark Bell Branko Radivojevic 20 1 2 2
4 Mikhail Grabovski Mike Leclerc Pavel Vorobiev 10 1 2 2
5 vs 5 Defense
Defense Defense Time % Phy DF OF
1 François Beauchemin Steve Eminger 40 1 2 2
2 Tomas Kaberle Erik Johnson 30 1 2 2
3 Niklas Kronwall Derek Meech 20 1 2 2
4 François Beauchemin Steve Eminger 10 1 2 2
PowerPlay Forward
Center Left Wing Right Wing Time % Phy DF OF
1 Josef Vasicek Alexander Semin Milan Hejduk 60 1 1 3
2 Marcel Goc Mark Bell Jordin Tootoo 40 1 1 3
PowerPlay Defense
Defense Defense Time % Phy DF OF
1 Tomas Kaberle Erik Johnson 60 1 1 3
2 Niklas Kronwall Derek Meech 40 1 1 3
Penalty Kill 4 Players Forward
Center Wing Time % Phy DF OF
1 Michal Handzus Darcy Hordichuk 60 1 3 1
2 Josef Vasicek Mike Leclerc 40 1 3 1
Penalty Kill 4 Players Defense
Defense Defense Time % Phy DF OF
1 François Beauchemin Steve Eminger 60 1 3 1
2 Tomas Kaberle Derek Meech 40 1 3 1
Penalty Kill - 3 Players Forward
Forward Time % Phy DF OF
1 Michal Handzus 60 1 3 1
2 Josef Vasicek 40 1 3 1
Penalty Kill - 3 Players Defense
Defense Defense Time % Phy DF OF
1 François Beauchemin Steve Eminger 60 1 4 0
2 Tomas Kaberle Derek Meech 40 1 4 0
4 vs 4 Forward
Center Wing Time % Phy DF OF
1 Michal Handzus Alexander Semin 60 1 2 2
2 Josef Vasicek Milan Hejduk 40 1 2 2
4 vs 4 Defense
Defense Defense Time % Phy DF OF
1 Tomas Kaberle Steve Eminger 60 1 2 2
2 François Beauchemin Erik Johnson 40 1 2 2
Last Minutes Offensive
Center Left Wing Right Wing Defense Defense
Michal Handzus Alexander Semin Milan Hejduk Tomas Kaberle Steve Eminger
Last Minutes Defensive
Center Left Wing Right Wing Defense Defense
Michal Handzus Darcy Hordichuk Milan Hejduk Tomas Kaberle Steve Eminger
Goaltenders
Starting : Pekka Rinne
Backup : Craig Anderson
Extra Forwards
Normal : Milan Hejduk, Mark Bell, Josef Vasicek - PP : Milan Hejduk, Marcel Goc - PK : Jordin Tootoo
Extra Defensemen
Normal : François Beauchemin, Erik Johnson, Derek Meech - PP : François Beauchemin - PK : Erik Johnson, Derek Meech
Penalty Shots
Mark Bell, Josef Vasicek, Alexander Semin, Milan Hejduk, Marcel Goc
Canadiens
5 vs 5 Forward
Center Left Wing Right Wing Time % Phy DF OF
1 Tomas Plekanec Patrick Marleau Marek Svatos 40 1 2 2
2 Viktor Kozlov Mike York Radim Vrbata 30 1 2 2
3 Mike Ribeiro Chris Dingman Devin Setoguchi 20 1 2 2
4 Jamie Lundmark Ruslan Fedotenko Michel Ouellet 10 1 2 2
5 vs 5 Defense
Defense Defense Time % Phy DF OF
1 Nicklas Lidstrom Jeff Woywitka 40 1 2 2
2 Dennis Wideman Ossi Vaananen 30 1 2 2
3 Tomas Kloucek Matt Carle 20 1 2 2
4 Nicklas Lidstrom Jeff Woywitka 10 1 2 2
PowerPlay Forward
Center Left Wing Right Wing Time % Phy DF OF
1 Tomas Plekanec Patrick Marleau Marek Svatos 60 1 2 2
2 Viktor Kozlov Mike York Radim Vrbata 40 1 2 2
PowerPlay Defense
Defense Defense Time % Phy DF OF
1 Nicklas Lidstrom Jeff Woywitka 60 1 2 2
2 Dennis Wideman Mike Ribeiro 40 1 2 2
Penalty Kill 4 Players Forward
Center Wing Time % Phy DF OF
1 Jamie Lundmark Michel Ouellet 60 1 2 2
2 Tomas Plekanec Patrick Marleau 40 1 2 2
Penalty Kill 4 Players Defense
Defense Defense Time % Phy DF OF
1 Nicklas Lidstrom Jeff Woywitka 60 1 2 2
2 Dennis Wideman Ossi Vaananen 40 1 2 2
Penalty Kill - 3 Players Forward
Forward Time % Phy DF OF
1 Tomas Plekanec 60 1 2 2
2 Patrick Marleau 40 1 2 2
Penalty Kill - 3 Players Defense
Defense Defense Time % Phy DF OF
1 Nicklas Lidstrom Jeff Woywitka 60 1 2 2
2 Dennis Wideman Ossi Vaananen 40 1 2 2
4 vs 4 Forward
Center Wing Time % Phy DF OF
1 Viktor Kozlov Marek Svatos 60 1 2 2
2 Tomas Plekanec Patrick Marleau 40 1 2 2
4 vs 4 Defense
Defense Defense Time % Phy DF OF
1 Nicklas Lidstrom Jeff Woywitka 60 1 2 2
2 Dennis Wideman Ossi Vaananen 40 1 2 2
Last Minutes Offensive
Center Left Wing Right Wing Defense Defense
Tomas Plekanec Patrick Marleau Marek Svatos Nicklas Lidstrom Jeff Woywitka
Last Minutes Defensive
Center Left Wing Right Wing Defense Defense
Tomas Plekanec Patrick Marleau Marek Svatos Nicklas Lidstrom Jeff Woywitka
Goaltenders
Starting : Mikael Tellqvist
Backup : Rick DiPietro
Extra Forwards
Normal : Mike Ribeiro, Jamie Lundmark, Devin Setoguchi - PP : Devin Setoguchi, Jamie Lundmark - PK : Devin Setoguchi
Extra Defensemen
Normal : Tomas Kloucek, Matt Carle, Dennis Wideman - PP : Tomas Kloucek - PK : Matt Carle, Tomas Kloucek
Penalty Shots
Patrick Marleau, Tomas Plekanec, Viktor Kozlov, Marek Svatos, Mike York
% Time on Ice - Flames
Lines # - Real PCT - Wanted PCT - Time Play
Normal Forward
1 - 35% - 40% - 18:41
2 - 34% - 30% - 17:58
3 - 10% - 20% - 5:29
4 - 21% - 10% - 11:11
Normal Defense
1 - 47% - 40% - 25:10
2 - 26% - 30% - 13:46
3 - 13% - 20% - 6:42
4 - 14% - 10% - 7:41
PP Forward
1 - 60% - 60% - 1:37
2 - 40% - 40% - 1:05
PP Defense
1 - 65% - 60% - 1:46
2 - 35% - 40% - 0:56
PK Forward
1 - 100% - 60% - 3:59
2 - 0% - 40% - 0:00
PK Defense
1 - 55% - 60% - 2:11
2 - 45% - 40% - 1:48
PK3 Forward
1 - 0% - 60%
2 - 0% - 40%
PK3 Defense
1 - 0% - 60%
2 - 0% - 40%
44 Forward
1 - 0% - 60%
2 - 0% - 40%
44 Defense
1 - 0% - 60%
2 - 0% - 40%
Last Minute Offensive - 0:00
Last Minute Defensive - 0:00
Total
Forward - 60:00
Defense - 60:00
|
% Time on Ice - Canadiens
Lines # - Real PCT - Wanted PCT - Time Play
Normal Forward
1 - 36% - 40% - 19:19
2 - 29% - 30% - 15:14
3 - 20% - 20% - 10:41
4 - 15% - 10% - 8:05
Normal Defense
1 - 37% - 40% - 19:30
2 - 34% - 30% - 18:07
3 - 25% - 20% - 13:20
4 - 4% - 10% - 2:22
PP Forward
1 - 54% - 60% - 2:08
2 - 46% - 40% - 1:51
PP Defense
1 - 52% - 60% - 2:04
2 - 48% - 40% - 1:55
PK Forward
1 - 70% - 60% - 1:54
2 - 30% - 40% - 0:48
PK Defense
1 - 46% - 60% - 1:15
2 - 54% - 40% - 1:27
PK3 Forward
1 - 0% - 60%
2 - 0% - 40%
PK3 Defense
1 - 0% - 60%
2 - 0% - 40%
44 Forward
1 - 0% - 60%
2 - 0% - 40%
44 Defense
1 - 0% - 60%
2 - 0% - 40%
Last Minute Offensive - 0:00
Last Minute Defensive - 0:00
Total
Forward - 60:00
Defense - 60:00
|
Play by Play
1st period
0:01 of 1st period - Michal Handzus wins face-off versus Tomas Plekanec in neutral zone.
0:20 of 1st period - Michal Handzus is hit by Patrick Marleau.
0:21 of 1st period - Michal Handzus from Flames is injured at 0:21 of 1st period (Back Spasms).
0:22 of 1st period - Josef Vasicek wins face-off versus Viktor Kozlov in Flames zone.
0:51 of 1st period - Slapshot by Ruslan Fedotenko.
0:51 of 1st period - Deflect By Michel Ouellet.
0:51 of 1st period - Stopped by Pekka Rinne with a rebound.
0:53 of 1st period - Snap shot by Ruslan Fedotenko.
0:53 of 1st period - Shot Misses the Net.
0:55 of 1st period - Snap shot by Jamie Lundmark.
0:55 of 1st period - Stopped by Pekka Rinne without a rebound.
0:56 of 1st period - Chris Dingman wins face-off versus Marcel Goc in Flames zone.
1:56 of 1st period - Wrist shot by Patrick Marleau.
1:56 of 1st period - Shot Misses the Net.
3:05 of 1st period - Off-side.
3:06 of 1st period - Jamie Lundmark wins face-off versus Milan Hejduk in neutral zone.
4:25 of 1st period - Darcy Hordichuk is hit by Ossi Vaananen.
5:14 of 1st period - Snap shot by Mikhail Grabovski.
5:14 of 1st period - Goal by Mikhail Grabovski - Flames : 1 - Canadiens : 0.
5:15 of 1st period - Tomas Plekanec wins face-off versus Mark Bell in neutral zone.
5:22 of 1st period - Snap shot by Tomas Plekanec.
5:22 of 1st period - Shot Misses the Net.
5:43 of 1st period - Minor Penalty to Mike York for Holding.
5:44 of 1st period - Josef Vasicek wins face-off versus Jamie Lundmark in Canadiens zone.
6:14 of 1st period - Nicklas Lidstrom is hit by Mark Bell.
6:26 of 1st period - Slapshot by Tomas Kaberle.
6:26 of 1st period - Deflect By Ossi Vaananen.
6:26 of 1st period - Goal by Tomas Kaberle - Flames : 2 - Canadiens : 0.
6:27 of 1st period - Mark Bell wins face-off versus Tomas Plekanec in neutral zone.
7:21 of 1st period - Wrist shot by Mikhail Grabovski.
7:21 of 1st period - Stopped by Mikael Tellqvist with a rebound.
7:38 of 1st period - Wrist shot by Branko Radivojevic.
7:38 of 1st period - Shot Misses the Net.
7:56 of 1st period - Snap shot by Alexander Semin.
7:56 of 1st period - Deflect By Josef Vasicek.
7:56 of 1st period - Shot Misses the Net.
7:56 of 1st period - Puck is out of play.
7:57 of 1st period - Josef Vasicek wins face-off versus Tomas Plekanec in Canadiens zone.
7:58 of 1st period - Snap shot by Alexander Semin.
7:58 of 1st period - Shot Misses the Net.
8:04 of 1st period - Snap shot by Josef Vasicek.
8:04 of 1st period - Shot Misses the Net.
8:06 of 1st period - Snap shot by Josef Vasicek.
8:06 of 1st period - Shot Misses the Net.
8:08 of 1st period - Snap shot by Josef Vasicek.
8:08 of 1st period - Deflect By Milan Hejduk.
8:08 of 1st period - Shot Blocked by Jeff Woywitka.
8:08 of 1st period - Puck is out of play.
8:09 of 1st period - Alexander Semin wins face-off versus Viktor Kozlov in Canadiens zone.
8:12 of 1st period - Snap shot by Mark Bell.
8:12 of 1st period - Stopped by Mikael Tellqvist with a rebound.
8:22 of 1st period - Wrist shot by Viktor Kozlov.
8:22 of 1st period - Stopped by Pekka Rinne with a rebound.
8:24 of 1st period - Slapshot by Nicklas Lidstrom.
8:24 of 1st period - Stopped by Pekka Rinne without a rebound.
8:25 of 1st period - Josef Vasicek wins face-off versus Tomas Plekanec in Flames zone.
8:25 of 1st period - Josef Vasicek is hit by Patrick Marleau.
8:59 of 1st period - Milan Hejduk is hit by Nicklas Lidstrom and loses puck.
9:36 of 1st period - Snap shot by Michel Ouellet.
9:36 of 1st period - Stopped by Pekka Rinne with a rebound.
10:05 of 1st period - Off-side.
10:06 of 1st period - Viktor Kozlov wins face-off versus Mark Bell in neutral zone.
10:31 of 1st period - Alexander Semin is hit by Chris Dingman and loses puck.
10:36 of 1st period - Wrist shot by Mike Ribeiro.
10:36 of 1st period - Shot Misses the Net.
10:38 of 1st period - Slapshot by Dennis Wideman.
10:38 of 1st period - Shot Blocked by François Beauchemin.
10:40 of 1st period - Wrist shot by Ossi Vaananen.
10:40 of 1st period - Deflect By Mike Ribeiro.
10:40 of 1st period - Shot Misses the Net.
10:40 of 1st period - Puck is out of play.
10:41 of 1st period - Josef Vasicek wins face-off versus Tomas Plekanec in Flames zone.
10:48 of 1st period - Snap shot by Darcy Hordichuk.
10:48 of 1st period - Stopped by Mikael Tellqvist with a rebound.
10:50 of 1st period - Wrist shot by Josef Vasicek.
10:50 of 1st period - Goal by Josef Vasicek - Flames : 3 - Canadiens : 0.
10:51 of 1st period - Tomas Plekanec wins face-off versus Josef Vasicek in neutral zone.
11:38 of 1st period - Wrist shot by Chris Dingman.
11:38 of 1st period - Shot Misses the Net.
12:50 of 1st period - Slapshot by Mike York.
12:50 of 1st period - Stopped by Pekka Rinne with a rebound.
13:06 of 1st period - Jeff Woywitka is hit by Jordin Tootoo and loses puck.
13:15 of 1st period - Wrist shot by Josef Vasicek.
13:15 of 1st period - Shot Blocked by Viktor Kozlov.
13:25 of 1st period - Nicklas Lidstrom is hit by Milan Hejduk and loses puck.
14:00 of 1st period - Snap shot by Mikhail Grabovski.
14:00 of 1st period - Shot Misses the Net.
14:02 of 1st period - Minor Penalty to Tomas Plekanec for Tripping.
14:03 of 1st period - Josef Vasicek wins face-off versus Jamie Lundmark in Canadiens zone.
14:12 of 1st period - Wrist shot by Josef Vasicek.
14:12 of 1st period - Stopped by Mikael Tellqvist without a rebound.
14:13 of 1st period - Josef Vasicek wins face-off versus Jamie Lundmark in Canadiens zone.
14:14 of 1st period - Wrist shot by Milan Hejduk.
14:14 of 1st period - Shot Misses the Net.
14:18 of 1st period - Wrist shot by Alexander Semin.
14:18 of 1st period - Shot Misses the Net.
14:20 of 1st period - Snap shot by Erik Johnson.
14:20 of 1st period - Deflect By Alexander Semin.
14:20 of 1st period - Shot Misses the Net.
14:20 of 1st period - Puck is out of play.
14:21 of 1st period - Josef Vasicek wins face-off versus Jamie Lundmark in Canadiens zone.
14:36 of 1st period - Wrist shot by Milan Hejduk.
14:36 of 1st period - Shot Blocked by Ossi Vaananen.
15:20 of 1st period - Patrick Marleau is hit by Mark Bell and loses puck.
16:02 of 1st period - Penalty to Tomas Plekanec is over, Tomas Plekanec is back on ice.
16:05 of 1st period - Devin Setoguchi is hit by Mark Bell and loses puck.
16:16 of 1st period - Snap shot by Viktor Kozlov.
16:16 of 1st period - Shot Misses the Net.
16:18 of 1st period - Slapshot by Viktor Kozlov.
16:18 of 1st period - Shot Blocked by Erik Johnson.
16:20 of 1st period - Snap shot by Mike York.
16:20 of 1st period - Shot Blocked by Tomas Kaberle.
16:22 of 1st period - Slapshot by Ossi Vaananen.
16:22 of 1st period - Deflect By Mike Leclerc.
16:22 of 1st period - Stopped by Pekka Rinne with a rebound.
16:24 of 1st period - Slapshot by Dennis Wideman.
16:24 of 1st period - Deflect By Radim Vrbata.
16:24 of 1st period - Shot Misses the Net.
16:24 of 1st period - Puck is out of play.
16:25 of 1st period - Viktor Kozlov wins face-off versus Mikhail Grabovski in Flames zone.
16:38 of 1st period - Wrist shot by Mike Leclerc.
16:38 of 1st period - Shot Blocked by Mike York.
16:50 of 1st period - François Beauchemin is hit by Chris Dingman and loses puck.
17:01 of 1st period - Slapshot by Mike Ribeiro.
17:01 of 1st period - Stopped by Pekka Rinne without a rebound.
17:02 of 1st period - Mark Bell wins face-off versus Tomas Plekanec in Flames zone.
19:07 of 1st period - Viktor Kozlov is hit by Niklas Kronwall and loses puck.
19:34 of 1st period - Dennis Wideman is hit by Darcy Hordichuk and loses puck.
19:59 of 1st period - Icing by Milan Hejduk.
Goals for this period are 3 for Flames vs 0 for Canadiens.
Shots for this period are 7 for Flames vs 8 for Canadiens.
2nd period
0:01 of 2nd period - Tomas Plekanec wins face-off versus Mark Bell in neutral zone.
0:08 of 2nd period - Snap shot by Tomas Plekanec.
0:08 of 2nd period - Stopped by Pekka Rinne without a rebound.
0:09 of 2nd period - Tomas Plekanec wins face-off versus Alexander Semin in Flames zone.
0:48 of 2nd period - Snap shot by Patrick Marleau.
0:48 of 2nd period - Stopped by Pekka Rinne without a rebound.
0:49 of 2nd period - Josef Vasicek wins face-off versus Viktor Kozlov in Flames zone.
0:49 of 2nd period - Josef Vasicek is hit by Tomas Kloucek.
0:50 of 2nd period - Josef Vasicek from Flames is injured at 0:50 of 2nd period (Left Foot).
0:51 of 2nd period - Darcy Hordichuk wins face-off versus Tomas Plekanec in Flames zone.
0:56 of 2nd period - Snap shot by Jordin Tootoo.
0:56 of 2nd period - Shot Blocked by Jeff Woywitka.
1:04 of 2nd period - Slapshot by Tomas Plekanec.
1:04 of 2nd period - Stopped by Pekka Rinne without a rebound.
1:05 of 2nd period - Mark Bell wins face-off versus Tomas Plekanec in Flames zone.
1:16 of 2nd period - Backhand shot by Patrick Marleau.
1:16 of 2nd period - Shot Blocked by François Beauchemin.
1:18 of 2nd period - Wrist shot by Tomas Plekanec.
1:18 of 2nd period - Shot Blocked by François Beauchemin.
1:18 of 2nd period - François Beauchemin from Flames is injured at 1:18 of 2nd period (Sprained Right Finger).
1:19 of 2nd period - Tomas Plekanec wins face-off versus Jordin Tootoo in Flames zone.
1:24 of 2nd period - Snap shot by Tomas Plekanec.
1:24 of 2nd period - Stopped by Pekka Rinne without a rebound.
1:25 of 2nd period - Milan Hejduk wins face-off versus Tomas Plekanec in Flames zone.
1:35 of 2nd period - Off-side.
1:36 of 2nd period - Milan Hejduk wins face-off versus Tomas Plekanec in neutral zone.
1:46 of 2nd period - Double Minor Penalty to Darcy Hordichuk for High sticking.
1:47 of 2nd period - Tomas Plekanec wins face-off versus Jordin Tootoo in Flames zone.
2:03 of 2nd period - Slapshot by Patrick Marleau.
2:03 of 2nd period - Shot Misses the Net.
2:24 of 2nd period - Off-side.
2:25 of 2nd period - Marcel Goc wins face-off versus Viktor Kozlov in neutral zone.
2:54 of 2nd period - Snap shot by Marek Svatos.
2:54 of 2nd period - Shot Misses the Net.
3:14 of 2nd period - Snap shot by Alexander Semin.
3:14 of 2nd period - Deflect By Jordin Tootoo.
3:14 of 2nd period - Shot Blocked by Nicklas Lidstrom.
3:14 of 2nd period - Puck is out of play.
3:15 of 2nd period - Tomas Plekanec wins face-off versus Jordin Tootoo in Canadiens zone.
3:22 of 2nd period - Slapshot by Dennis Wideman.
3:22 of 2nd period - Stopped by Pekka Rinne without a rebound.
3:23 of 2nd period - Jordin Tootoo wins face-off versus Tomas Plekanec in Flames zone.
3:54 of 2nd period - Snap shot by Mike York.
3:54 of 2nd period - Shot Hit the Post.
4:58 of 2nd period - Snap shot by Mikhail Grabovski.
4:58 of 2nd period - Stopped by Mikael Tellqvist without a rebound.
4:59 of 2nd period - Viktor Kozlov wins face-off versus Mikhail Grabovski in Canadiens zone.
5:46 of 2nd period - Penalty to Darcy Hordichuk is over, Darcy Hordichuk is back on ice.
6:01 of 2nd period - Mikhail Grabovski is hit by Michel Ouellet.
7:12 of 2nd period - Dennis Wideman is hit by Mike Leclerc and loses puck.
7:29 of 2nd period - Icing by Tomas Kaberle.
7:30 of 2nd period - Mark Bell wins face-off versus Tomas Plekanec in Flames zone.
7:37 of 2nd period - Wrist shot by Marek Svatos.
7:37 of 2nd period - Shot Blocked by Tomas Kaberle.
8:03 of 2nd period - Slapshot by Marek Svatos.
8:03 of 2nd period - Shot Misses the Net.
8:05 of 2nd period - Slapshot by Marek Svatos.
8:05 of 2nd period - Stopped by Pekka Rinne with a rebound.
8:14 of 2nd period - Wrist shot by Patrick Marleau.
8:14 of 2nd period - Stopped by Pekka Rinne with a rebound.
8:16 of 2nd period - Slapshot by Matt Carle.
8:16 of 2nd period - Stopped by Pekka Rinne without a rebound.
8:17 of 2nd period - Mike York wins face-off versus Mikhail Grabovski in Flames zone.
8:44 of 2nd period - Marcel Goc is hit by Jamie Lundmark and loses puck.
8:58 of 2nd period - Jamie Lundmark is hit by Branko Radivojevic and loses puck.
9:38 of 2nd period - Snap shot by Tomas Plekanec.
9:38 of 2nd period - Stopped by Pekka Rinne without a rebound.
9:39 of 2nd period - Tomas Plekanec wins face-off versus Mikhail Grabovski in Flames zone.
9:44 of 2nd period - Snap shot by Tomas Plekanec.
9:44 of 2nd period - Stopped by Pekka Rinne without a rebound.
9:45 of 2nd period - Marek Svatos wins face-off versus Mark Bell in Flames zone.
9:53 of 2nd period - Icing by Niklas Kronwall.
9:54 of 2nd period - Mark Bell wins face-off versus Patrick Marleau in Flames zone.
10:35 of 2nd period - Tomas Kaberle is hit by Tomas Plekanec and loses puck.
10:42 of 2nd period - Wrist shot by Tomas Plekanec.
10:42 of 2nd period - Goal by Tomas Plekanec - Flames : 3 - Canadiens : 1.
10:43 of 2nd period - Viktor Kozlov wins face-off versus Marcel Goc in neutral zone.
11:33 of 2nd period - Slapshot by Jeff Woywitka.
11:33 of 2nd period - Shot Blocked by Tomas Kaberle.
12:47 of 2nd period - Michel Ouellet is hit by Mark Bell and loses puck.
13:15 of 2nd period - Tomas Plekanec is hit by Pavel Vorobiev and loses puck.
14:02 of 2nd period - Steve Eminger is hit by Chris Dingman and loses puck.
14:49 of 2nd period - Jeff Woywitka is hit by Pavel Vorobiev and loses puck.
15:26 of 2nd period - Snap shot by Patrick Marleau.
15:26 of 2nd period - Stopped by Pekka Rinne without a rebound.
15:27 of 2nd period - Mikhail Grabovski wins face-off versus Tomas Plekanec in Flames zone.
15:44 of 2nd period - Icing by Tomas Kloucek.
15:45 of 2nd period - Tomas Plekanec wins face-off versus Marcel Goc in Canadiens zone.
15:45 of 2nd period - Tomas Plekanec is hit by Mark Bell.
15:51 of 2nd period - Slapshot by Marek Svatos.
15:51 of 2nd period - Shot Misses the Net.
15:55 of 2nd period - Wrist shot by Marek Svatos.
15:55 of 2nd period - Shot Misses the Net.
15:57 of 2nd period - Wrist shot by Marek Svatos.
15:57 of 2nd period - Shot Misses the Net.
15:59 of 2nd period - Slapshot by Marek Svatos.
15:59 of 2nd period - Shot Misses the Net.
16:05 of 2nd period - Slapshot by Patrick Marleau.
16:05 of 2nd period - Shot Misses the Net.
16:07 of 2nd period - Slapshot by Nicklas Lidstrom.
16:07 of 2nd period - Deflect By Patrick Marleau.
16:07 of 2nd period - Stopped by Pekka Rinne without a rebound.
16:08 of 2nd period - Radim Vrbata wins face-off versus Mark Bell in Flames zone.
16:13 of 2nd period - Wrist shot by Mike York.
16:13 of 2nd period - Stopped by Pekka Rinne with a rebound.
16:34 of 2nd period - Mike Ribeiro is hit by Pavel Vorobiev and loses puck.
16:57 of 2nd period - Snap shot by Marek Svatos.
16:57 of 2nd period - Stopped by Pekka Rinne with a rebound.
16:59 of 2nd period - Slapshot by Matt Carle.
16:59 of 2nd period - Shot Blocked by Steve Eminger.
17:01 of 2nd period - Snap shot by Marek Svatos.
17:01 of 2nd period - Shot Misses the Net.
17:12 of 2nd period - Off-side.
17:13 of 2nd period - Jamie Lundmark wins face-off versus Marcel Goc in neutral zone.
17:45 of 2nd period - Mike York is hit by Darcy Hordichuk.
18:10 of 2nd period - Dennis Wideman is hit by Mikhail Grabovski and loses puck.
18:17 of 2nd period - Snap shot by Mike York.
18:17 of 2nd period - Shot Blocked by Milan Hejduk.
18:23 of 2nd period - Mike York is hit by Milan Hejduk and loses puck.
Goals for this period are 0 for Flames vs 1 for Canadiens.
Shots for this period are 1 for Flames vs 15 for Canadiens.
3rd period
0:01 of 3rd period - Mark Bell wins face-off versus Tomas Plekanec in neutral zone.
0:06 of 3rd period - Wrist shot by Alexander Semin.
0:06 of 3rd period - Shot Misses the Net.
1:06 of 3rd period - Snap shot by Erik Johnson.
1:06 of 3rd period - Shot Blocked by Ruslan Fedotenko.
1:08 of 3rd period - Snap shot by Alexander Semin.
1:08 of 3rd period - Deflect By Milan Hejduk.
1:08 of 3rd period - Stopped by Mikael Tellqvist without a rebound.
1:09 of 3rd period - Michel Ouellet wins face-off versus Mark Bell in Canadiens zone.
1:16 of 3rd period - Slapshot by Ruslan Fedotenko.
1:16 of 3rd period - Deflect By Michel Ouellet.
1:16 of 3rd period - Shot Misses the Net.
1:16 of 3rd period - Puck is out of play.
1:17 of 3rd period - Tomas Plekanec wins face-off versus Mark Bell in Flames zone.
1:22 of 3rd period - Snap shot by Tomas Plekanec.
1:22 of 3rd period - Shot Misses the Net.
1:24 of 3rd period - Snap shot by Patrick Marleau.
1:24 of 3rd period - Stopped by Pekka Rinne without a rebound.
1:25 of 3rd period - Tomas Plekanec wins face-off versus Mark Bell in Flames zone.
1:32 of 3rd period - Wrist shot by Marek Svatos.
1:32 of 3rd period - Shot Blocked by Niklas Kronwall.
1:34 of 3rd period - Snap shot by Patrick Marleau.
1:34 of 3rd period - Shot Misses the Net.
1:36 of 3rd period - Wrist shot by Nicklas Lidstrom.
1:36 of 3rd period - Deflect By Patrick Marleau.
1:36 of 3rd period - Stopped by Pekka Rinne without a rebound.
1:37 of 3rd period - Tomas Plekanec wins face-off versus Mark Bell in Flames zone.
1:40 of 3rd period - Wrist shot by Patrick Marleau.
1:40 of 3rd period - Stopped by Pekka Rinne without a rebound.
1:41 of 3rd period - Mark Bell wins face-off versus Tomas Plekanec in Flames zone.
1:41 of 3rd period - Mark Bell is hit by Patrick Marleau.
1:51 of 3rd period - Jeff Woywitka is hit by Mark Bell and loses puck.
2:19 of 3rd period - Slapshot by Devin Setoguchi.
2:19 of 3rd period - Stopped by Pekka Rinne without a rebound.
2:20 of 3rd period - Marcel Goc wins face-off versus Viktor Kozlov in Flames zone.
3:18 of 3rd period - Wrist shot by Dennis Wideman.
3:18 of 3rd period - Shot Hit the Post.
4:28 of 3rd period - Slapshot by Tomas Kaberle.
4:28 of 3rd period - Stopped by Mikael Tellqvist with a rebound.
4:34 of 3rd period - Pavel Vorobiev is hit by Mike York and loses puck.
4:57 of 3rd period - Wrist shot by Mike Leclerc.
4:57 of 3rd period - Shot Misses the Net.
5:35 of 3rd period - Snap shot by Mike Leclerc.
5:35 of 3rd period - Stopped by Mikael Tellqvist without a rebound.
5:36 of 3rd period - Patrick Marleau wins face-off versus Mark Bell in Canadiens zone.
7:18 of 3rd period - Milan Hejduk is hit by Nicklas Lidstrom and loses puck.
7:53 of 3rd period - Milan Hejduk is hit by Jeff Woywitka.
11:31 of 3rd period - Branko Radivojevic is hit by Michel Ouellet and loses puck.
11:35 of 3rd period - Icing by Branko Radivojevic.
11:36 of 3rd period - Marcel Goc wins face-off versus Dennis Wideman in Flames zone.
12:20 of 3rd period - Alexander Semin is hit by Marek Svatos and loses puck.
14:21 of 3rd period - Milan Hejduk is hit by Ossi Vaananen and loses puck.
15:47 of 3rd period - Tomas Kloucek is hit by Tomas Kaberle and loses puck.
16:06 of 3rd period - Pavel Vorobiev is hit by Dennis Wideman and loses puck.
18:03 of 3rd period - Darcy Hordichuk is hit by Tomas Kloucek and loses puck.
18:38 of 3rd period - Nicklas Lidstrom is hit by Mark Bell and loses puck.
19:07 of 3rd period - Derek Meech is hit by Michel Ouellet and loses puck.
Goals for this period are 0 for Flames vs 0 for Canadiens.
Shots for this period are 3 for Flames vs 4 for Canadiens.
Output by the SimonT Hockey Simulator (STHS) for François Prévost -- Original Page W3C XHTML 1.0 Valid